 Dungeon Crawl Stone Soup version 0.26-a0-778-g3fe0686644 (webtiles) character file.

Game seed: 15030024023659426192

415 miscthings the Chopper (level 6, -3/81 HPs)
             Began as a Palentonga Delver on Nov 9, 2020.
             Was an Initiate of Okawaru.
             Slain by a wolf (5 damage)
             ... on level 4 of the Dungeon.
             The game lasted 00:08:30 (4412 turns).

miscthings the Chopper (Palentonga Delver)          Turns: 4412, Time: 00:08:30

Health: -3/81      AC:  7    Str: 17    XL:     6   Next: 60%
Magic:  6/6        EV:  2    Int: 11    God:    Okawaru [......]
Gold:   325        SH: 10    Dex: 11    Spells: 5/5 levels left

rFire    . . .     SeeInvis +   a - +0 hand axe
rCold    . . .     Faith    .   y - +3 kite shield
rNeg     . . .     Spirit   .   m - +0 chain mail (curse)
rPois    +         Reflect  .   (no helmet)
rElec    .         Harm     .   (no cloak)
rCorr    .         Rampage  .   (no gloves)
MR       .....                  (no barding)
Stlth    ..........             (no amulet)
HPRegen  0.23/turn              w - ring of poison resistance
MPRegen  0.10/turn              (no ring)

@: berserking, very quick
A: large, rugged brown scales 3, see invisible, deformed body, roll, armoured
tail
a: Rolling Charge, Renounce Religion


You were on level 4 of the Dungeon.
You worshipped Okawaru.
Okawaru was noncommittal.
You visited 1 branch of the dungeon, and saw 5 of its levels.
You also visited: Sewer.

You collected 325 gold pieces.

Inventory:

Hand Weapons
 a - a +0 hand axe (weapon)
Armour
 b - a +0 leather armour
 m - a cursed +0 chain mail (worn)
 q - a +0 buckler
 x - a +0 leather armour of cold resistance
 y - a +3 kite shield (worn)
Jewellery
 w - a ring of poison resistance (left hand)
Wands
 g - a wand of digging (3)
 s - a wand of polymorph (7)
Scrolls
 c - 3 scrolls of fog
 d - 3 scrolls of magic mapping
 e - a scroll of fear
 f - 2 scrolls of enchant armour
 h - a scroll of immolation {unknown}
 j - a scroll of amnesia
 k - a scroll of remove curse
 l - 3 scrolls of teleportation
 v - a scroll of random uselessness {unknown}
 z - a scroll of enchant weapon {unknown}
Potions
 i - 3 potions of curing
 n - a potion of flight
 o - a potion of might
 p - 2 potions of attraction
 r - 4 potions of lignification
 t - 2 potions of haste
 u - a potion of berserk rage


   Skills:
 - Level 3.0 Fighting
 + Level 7.2 Axes
 - Level 1.5 Dodging
 - Level 3.3 Stealth


You had 5 spell levels left.
You didn't know any spells.
Your spell library was empty.

Dungeon Overview and Level Annotations

Branches:
Dungeon (5/15)              Sewer (visited)
 Temple: D:4-7

Altars:
Kikubaaqudgha
Okawaru
Sif Muna
Uskayaw
Yredelemnul


Innate Abilities, Weirdness & Mutations

You are completely covered in rugged brown scales. (AC +3, +7% HP)
You have supernaturally acute eyesight. (SInv)
Armour fits poorly on your strangely shaped body.
You can roll at foes to attack.
You have a long armoured tail.


Message History

You closely miss the wolf.
The wolf is heavily wounded.
You block the wolf's attack. x2
You miss the wolf.
The wolf is heavily wounded.
You block the wolf's attack. The wolf completely misses you.
You closely miss the wolf.
Your tail-slap misses the wolf.
The wolf is heavily wounded.
The wolf bites you!
* * * LOW HITPOINT WARNING * * *
The wolf bites you.
* * * LOW HITPOINT WARNING * * *
It was a potion of berserk rage.
A red film seems to cover your vision as you go berserk!
You feel yourself moving faster!
You feel mighty! The wolf bites you but does no damage.
You hit the wolf but do no damage.
Your tail-slap misses the wolf.
The wolf is heavily wounded.
The wolf bites you.
You die...

..#..........#..#.........#####
..#..........#..##..##...#....#
'##..........#..##..##...#....#
........######...........#....#
........#................#....#
........#...##..##...<...######
........'...##..##(.##....#
........##O###.h##..##....#
...##'#......#.)@(........#
...#..#......#.)##........#
...#..#......#..##..##...##
...#..#......#....h.######
...#..#......'.......#
...#..#......#########
...#..#.............)
...'..#..............
...####..............


You could see a wolf.

Vanquished Creatures
  Menkaure (D:4)
  A scorpion (D:3)
  An orc priest (D:4)
  An iguana (D:4)
  A worker ant (D:4)
  4 adders
  4 oozes
  5 worms
  5 leopard geckos
  8 orcs
  2 ball pythons
  2 bat zombies (D:4)
  A giant cockroach (D:1)
  9 goblins
  2 hobgoblins
  7 jackals
  A quokka (D:3)
  14 bats
  8 frilled lizards
  A jackal skeleton (D:4)
  7 kobolds
  6 rats
  3 rat zombies (D:4)
94 creatures vanquished.

Notes
Turn   | Place    | Note
-------+----------+-------------------------------------------
     0 | D:5      | miscthings the Palentonga Delver began the quest for the
                  | Orb.
     0 | D:5      | Reached XP level 1. HP: 20/20 MP: 1/1
   103 | D:4      | Noticed a worker ant
   116 | D:4      | Killed a worker ant
   116 | D:4      | Reached skill level 3 in Axes
   116 | D:4      | Reached XP level 2. HP: 10/27 MP: 2/2
   361 | D:3      | Reached XP level 3. HP: 26/33 MP: 3/3
   418 | D:3      | Found a basalt altar of Yredelemnul.
   424 | D:3      | Found an iron altar of Okawaru.
   432 | D:3      | Became a worshipper of Warmaster Okawaru
   558 | D:3      | Found a glowing drain.
   563 | Sewer    | Entered a sewer
   688 | Sewer    | Reached skill level 4 in Axes
  1133 | Sewer    | Reached XP level 4. HP: 40/40 MP: 4/4
  1747 | D:1      | Reached skill level 5 in Axes
  2732 | D:3      | Reached XP level 5. HP: 28/48 MP: 5/5
  3252 | D:4      | Noticed Menkaure
  3253 | D:4      | Noticed an ogre
  3522 | D:4      | Found a hide-covered altar of Uskayaw.
  3625 | D:4      | Killed Menkaure
  3625 | D:4      | Reached skill level 6 in Axes
  3625 | D:4      | Reached XP level 6. HP: 54/54 MP: 6/6
  3841 | D:4      | Found an ancient bone altar of Kikubaaqudgha.
  3862 | D:4      | Reached skill level 7 in Axes
  4321 | D:4      | Found a shimmering blue altar of Sif Muna.
  4410 | D:4      | HP: 1/54 [wolf (2)]
  4412 | D:4      | Slain by a wolf

Illustrated notes

Levels and vault maps discovered:
D:1:      dpeg_arrival_refuge, layout_loops_ring
D:2:      layout_loops_ring
D:3:      layout_loops_cross, chequers_temple_overflow_statue_of_worship,
          portal_sewer_entry_e
D:4:      layout_gridville, lemuel_coloured_pillars_altar,
          eat_drink_and_be_merry_uskayaw, lemuel_zombie_altar_kikubaaqudgha,
          uniq_menkaure
D:5:      layout_rooms, serial_shops, kennysheep_little_box, grunt_ministairs_6

Skill      XL: |  1  2  3  4  5  6 |
---------------+-------------------+-----
Axes           | 3 4 5 6 7 |  7.2
Fighting       | |  3.0
Dodging        | |  1.5
Stealth        | |  3.3

Action                   |  1- 3 |  4- 6 || total
-------------------------+-------+-------++-------
Melee: Hand axe          |    89 |   245 ||   334
       Tailslap          |    10 |    19 ||    29
 Abil: Rolling Charge    |     8 |    32 ||    40
Evoke: Wand              |       |     1 ||     1
  Use: Potion            |     4 |     2 ||     6
       Scroll            |     1 |     7 ||     8
 Stab: Sleeping          |       |     2 ||     2
Armor: Leather armour    |    38 |    54 ||    92
       Skin              |       |     6 ||     6
       Chain mail        |       |    23 ||    23
Dodge: Dodged            |    38 |    59 ||    97
Block: Buckler           |       |    13 ||    13
       Kite shield       |       |    66 ||    66

Table legend: (Time is in decaauts)
 A = Elapsed time spent in this place.
 B = Non-inter-level travel time spent in this place.
 C = Inter-level travel time spent in this place.
 D = Time resting spent in this place.
 E = Time spent auto-exploring this place.
 F = Levels seen in this place.
 G = Mean time per level.
                   A        B        C        D        E       F      G
               +--------+--------+--------+--------+--------+-----+--------+
         Total |   4534 |   4381 |    153 |   1071 |   2196 |   6 |  755.7 |
       Dungeon |   3812 |   3659 |    153 |    904 |   1854 |   5 |  762.4 |
         Sewer |    722 |    722 |      0 |    167 |    341 |   1 |  722.0 |
               +--------+--------+--------+--------+--------+-----+--------+

Top non-repeatable levels by time:
     D:3: 1550 daAuts
     D:4: 1068 daAuts
   Sewer: 722 daAuts
     D:2: 605 daAuts
     D:1: 583 daAuts
     D:5: 5 daAuts
